 Dungeon Crawl Stone Soup version 0.21.0-24-g2553a33 (webtiles) character file.

21 tidbits the Firebug (level 2, -3/20 HPs)
             Began as a Gnoll Fire Elementalist on Jan 19, 2018.
             Slain by a phantom (7 damage)
             ... on level 5 of the Dungeon.
             The game lasted 00:02:20 (312 turns).

tidbits the Firebug (Gnoll Fire Elementalist)        Turns: 312, Time: 00:02:20

Health: -3/20      AC:  2    Str: 10    XL:     2   Next: 87%
Magic:  4/7        EV: 14    Int: 17    God:
Gold:   40         SH:  0    Dex: 15    Spells: 9/10 levels left

rFire    . . .     SeeInvis .   g - +1 short sword (holy)
rCold    . . .     Gourm    .   (no shield)
rNeg     . . .     Faith    .   a - +0 robe
rPois    .         Spirit   .   (no helmet)
rElec    .         Reflect  .   (no cloak)
rCorr    .         Harm     .   (no gloves)
MR       .....                  (no boots)
Stlth    +++.......             (no amulet)
HPRegen  0.06/turn              (no ring)
MPRegen  0.10/turn              (no ring)

@: no status effects
A: distributed training, fangs 1, strong nose
a: no special abilities


You were on level 5 of the Dungeon.
You were not hungry.

You visited 1 branch of the dungeon, and saw 5 of its levels.

You collected 40 gold pieces.

Inventory:

Hand Weapons
 g - a +1 short sword of holy wrath (weapon)
   (You found it on level 2 of the Dungeon)
 i - a +0 hunting sling of flaming
   (You found it on level 4 of the Dungeon)
 l - a +0 long sword
Armour
 a - a +0 robe (worn)
 j - a +0 ring mail
 k - a cursed -2 shield
Scrolls
 d - a scroll of identify {unknown}
 e - a scroll of remove curse {unknown}
 h - a scroll of enchant armour {unknown}
Potions
 f - a potion of degeneration {unknown}
Books
 b - a book of Flames

   Spells                             Type                      Level
   a - Flame Tongue                   Conjuration/Fire             1
   b - Throw Flame                    Conjuration/Fire             2
   c - Conjure Flame                  Conjuration/Fire             3
   d - Inner Flame                    Hexes/Fire                   3
   e - Sticky Flame                   Conjuration/Fire             4
   f - Fireball                       Conjuration/Fire             5
Comestibles
 c - a ration


   Skills:
 + Level 0.5 Fighting
 + Level 0.5 Short Blades
 + Level 0.5 Long Blades
 + Level 0.5 Axes
 + Level 0.5 Maces & Flails
 + Level 0.5 Polearms
 + Level 0.5 Staves
 + Level 0.5 Slings
 + Level 0.5 Bows
 + Level 0.5 Crossbows
 + Level 0.5 Throwing
 + Level 0.5 Armour
 + Level 4.5 Dodging
 + Level 4.1 Stealth
 + Level 0.5 Shields
 + Level 0.5 Unarmed Combat
 + Level 4.9 Spellcasting
 + Level 2.0 Conjurations
 + Level 0.3 Hexes
 + Level 0.3 Charms
 + Level 0.3 Summonings
 + Level 0.3 Necromancy
 + Level 0.3 Translocations
 + Level 0.3 Transmutations
 + Level 5.3 Fire Magic
 + Level 0.3 Ice Magic
 + Level 0.3 Air Magic
 + Level 0.3 Earth Magic
 + Level 0.3 Poison Magic
 + Level 0.6 Invocations
 + Level 0.5 Evocations


You had 9 spell levels left.
You knew the following spells:

 Your Spells              Type           Power        Failure   Level  Hunger
a - Flame Tongue          Conj/Fire      ###..        3%          1    None


Dungeon Overview and Level Annotations

Branches:
Dungeon (4/15)
 Temple: D:4-7

Altars:

Shops:
D:5 :

Annotations:
D:3 Gorglomux's ghost, amateur DgWn


Innate Abilities, Weirdness & Mutations

Your experience applies equally to all skills.
You have very sharp teeth.
Your uncanny sense of smell can sniff out nearby items.


Message History

You hit the leopard gecko.
The leopard gecko is heavily wounded.
The leopard gecko bites you.
Casting: Flame Tongue
Confirm with . or Enter, or press ? or * to list all spells.
Aiming: Flame Tongue
Press: ? - help, Shift-Dir - straight line, f - leopard gecko
Aim: a leopard gecko (heavily wounded, clinging)
The flame tongue hits the leopard gecko.
You kill the leopard gecko!
You see here a leopard gecko corpse.
A rat comes into view.
Found a scroll labeled ROGIRU ILULA.
The helpless rat fails to defend itself.
You puncture the rat!
You kill the rat!
You see here a rat corpse.
You see here a scroll labeled ROGIRU ILULA.
h - a scroll labeled ROGIRU ILULA You see here a rat corpse.
An adder comes into view.
The helpless adder fails to defend itself.
You puncture the adder!
You kill the adder!
You see here an adder corpse.
Found 13 gold pieces.
You see here 13 gold pieces.
You now have 23 gold pieces (gained 13).
A quokka comes into view.
Found a stone staircase leading down.
Gorglomux's ghost (amateur Demigod Wanderer) comes into view.
The helpless quokka fails to defend itself.
You puncture the quokka!
You kill the quokka!
Gorglomux's ghost turns its malevolent gaze towards you.
There is a stone staircase leading down here.
You climb downwards.
Found a glowing hunting sling and a ring mail.
There is a stone staircase leading up here.
Unknown command.
You see here a glowing hunting sling.
i - a glowing hunting sling You see here a ring mail.
j - a ring mail
Found 17 gold pieces.
Found a stone staircase leading up.
You see here 17 gold pieces.
You now have 40 gold pieces (gained 17).
You fall through a shaft!
The shaft crumbles and collapses.
Unknown command.
A phantom comes into view.
The phantom blinks!
The phantom blinks!
Found a shield.
Found Sura's Book Shoppe.
You see here a shield.
k - a shield The phantom blinks!
There is an entrance to Sura's Book Shoppe here.
You can access your shopping list by pressing '$'.
Found a long sword.
You see here a long sword.
l - a long sword
Found a short sword.
A sky beast comes into view.
Found 6 gold pieces.
The phantom blinks!
The helpless sky beast fails to defend itself.
You puncture the sky beast!
The sky beast is moderately wounded.
The sky beast hits you. The sky beast shocks you.
Casting: Flame Tongue
Confirm with . or Enter, or press ? or * to list all spells.
Aiming: Flame Tongue
Press: ? - help, Shift-Dir - straight line, f - sky beast
Aim: a sky beast (moderately wounded)
The flame tongue hits the sky beast.
The sky beast is heavily wounded.
The sky beast closely misses you.
The phantom blinks!
Casting: Flame Tongue
Confirm with . or Enter, or press ? or * to list all spells.
Aiming: Flame Tongue
Press: ? - help, Shift-Dir - straight line, f/p - sky beast
Aim: a sky beast (heavily wounded)
The flame tongue hits the sky beast.
The sky beast is heavily wounded.
The sky beast closely misses you.
Casting: Flame Tongue
Confirm with . or Enter, or press ? or * to list all spells.
Aiming: Flame Tongue
Press: ? - help, Shift-Dir - straight line, f/p - sky beast
Aim: a sky beast (heavily wounded)
The flame tongue hits the sky beast.
The sky beast is almost dead.
The sky beast hits you.
* * * LOW HITPOINT WARNING * * *
The sky beast shocks you.
* * * LOW HITPOINT WARNING * * *
The phantom hits you!
You die...

... ..# .# #.# #.# #.#
#.# ..# #.## ##### #.#
#.. ...... #.# #.#
#.$...# ##
#.#######)##....... .#
###.........#@Y...... .#
#...........W........
.###.###########........
∩........... ##.......
##...####### ......#
#...# ##...## #...# .###
#...# .. ....# .


You could see a phantom and a sky beast.

Vanquished Creatures
  An adder (D:3)
  A leopard gecko (D:3)
  2 giant cockroaches
  A goblin (D:2)
  2 hobgoblins (D:2)
  A quokka (D:3)
  A bat (D:2)
  A frilled lizard (D:2)
  A rat (D:3)
11 creatures vanquished.

Notes
Turn   | Place    | Note
-------+----------+-------------------------------------------
     0 | D:1      | tidbits the Gnoll Fire Elementalist began the quest for the Orb.
     0 | D:1      | Reached XP level 1. HP: 13/13 MP: 6/6
    67 | D:2      | Reached skill level 2 in Conjurations
   165 | D:2      | Reached XP level 2. HP: 19/19 MP: 4/7
   248 | D:3      | Noticed Gorglomux's ghost (amateur DgWn)
   274 | D:4      | You fall through a shaft!
   274 | D:5      | Entered Level 5 of the Dungeon
   275 | D:5      | Noticed a phantom
   286 | D:5      | Found Sura's Book Shoppe.
   306 | D:5      | Noticed a sky beast
   312 | D:5      | Slain by a phantom

Skill      XL: |  1 |
---------------+----+-----
Conjurations   | 2 |  2.0
Fighting       | |  0.5
Short Blades   | |  0.5
Long Blades    | |  0.5
Axes           | |  0.5
Maces & Flails | |  0.5
Polearms       | |  0.5
Staves         | |  0.5
Slings         | |  0.5
Bows           | |  0.5
Crossbows      | |  0.5
Throwing       | |  0.5
Armour         | |  0.5
Dodging        | |  4.5
Stealth        | |  4.1
Shields        | |  0.5
Unarmed Combat | |  0.5
Spellcasting   | |  4.9
Hexes          | |  0.3
Charms         | |  0.3
Summonings     | |  0.3
Necromancy     | |  0.3
Translocations | |  0.3
Transmutations | |  0.3
Fire Magic     | |  5.3
Ice Magic      | |  0.3
Air Magic      | |  0.3
Earth Magic    | |  0.3
Poison Magic   | |  0.3
Invocations    | |  0.6
Evocations     | |  0.5

Action                   || total
-------------------------++-------
Melee: Short sword       ||     7
 Cast: Flame Tongue      ||    12
 Stab: Sleeping          ||     4
Dodge: Dodged            ||     6

Table legend:
 A = Turns spent in this place as a percentage of turns spent in the entire game.
 B = Non-inter-level travel turns spent in this place as a percentage of non-inter-level travel turns spent in the entire game.
 C = Inter-level travel turns spent in this place as a percentage of turns spent in this place.
 D = Turns resting spent in this place as a percentage of non-inter-level travel turns spent in this place.
 E = Turns spent auto-exploring this place as a percentage of non-inter-level travel turns spent in this place.
 F = Non-inter-level travel turns spent in this place divided by the number of levels of this place that you've seen.
                   A       B       C       D       E      F
               +-------+-------+-------+-------+-------+----------------------
         Total | 100.0 | 100.0 |   0.0 |   0.0 |   0.0 |  62.4
       Dungeon | 100.0 | 100.0 |   0.0 |   0.0 |   0.0 |  62.4
               +-------+-------+-------+-------+-------+----------------------

Table legend:
 A = Kills in this place as a percentage of kills in entire the game.
 B = Kills by you in this place as a percentage of kills by you in the entire game.
 C = Kills by friends in this place as a percentage of kills by friends in the entire game.
 D = Other kills in this place as a percentage of other kills in the entire game.
 E = Experience gained in this place as a percentage of experience gained in the entire game.
 F = Experience gained in this place divided by the number of levels of this place that you have seen.
                   A       B       C       D       E      F
               +-------+-------+-------+-------+-------+----------------------
         Total | 100.0 | 100.0 |   N/A |   N/A | 100.0 |   6.2
       Dungeon | 100.0 | 100.0 |   N/A |   N/A | 100.0 |   6.2
               +-------+-------+-------+-------+-------+----------------------

Vault maps used:
D:1:      roderic_crossed_star
D:2:      okawaru_metal_pillars_3, uniq_sigmund
D:4:      minmay_temple_entry_enclosed_plants, uniq_edmund, uniq_natasha,
          uniq_duvessa
D:5:      first_ration, serial_shops, shop
